 Dungeon Crawl Stone Soup version 0.13-a0-2477-geaae114 (webtiles) character file.

205 Gabry the Covered (level 5, 0/46 HPs)
             Began as a Hill Orc Fighter on July 18, 2013.
             Slain by an orc (3 damage)
             ... on Level 4 of the Dungeon on July 19, 2013.
             The game lasted 00:14:53 (1387 turns).

Gabry the Covered (Hill Orc Fighter)                Turns: 1387, Time: 00:14:54

HP   0/46        AC  8     Str 19      XL: 5   Next:  9%
MP   4/4         EV  6     Int  8      God:
Gold 79          SH 20     Dex 11      Spells:  0 memorised,  4 levels left

Res.Fire  : . . .   See Invis. : .   a - +0 orc mace
Res.Cold  : . . .   Warding    : .   b - +0 orc scale mail
Life Prot.: . . .   Conserve   : .   c - +0 orc shield
Res.Poison: .       Res.Corr.  : .   v - +0 helmet
Res.Elec. : .       Clarity    : .   (no cloak)
Sust.Abil.: . .     Spirit.Shd : .   (no gloves)
Res.Mut.  : .       Stasis     : .   (no boots)
Res.Rott. : .       Flight     : .   (no amulet)
Saprovore : + . .                    (no ring)
                                     (no ring)

@: slightly resistant to hostile enchantments, extremely unstealthy
A: saprovore 1
a: no special abilities


You were on level 4 of the Dungeon.
You were not hungry.

You visited 1 branch of the dungeon, and saw 4 of its levels.

You collected 59 gold pieces.

Inventory:

Hand weapons
 a - a +0,+0 orcish mace (weapon)
 e - a +0,+0 whip
 f - a +0,+0 sling
 k - a +0,+0 war axe
 o - a +0,+0 orcish hammer
 q - a +0,+0 sling
 r - a -1,+0 orcish club (quivered)
 s - a +0,+1 orcish club
 t - a +0,+0 sling
 w - a +1,+2 whip of venom
Armour
 b - a +0 orcish scale mail (worn)
 c - a +0 orcish shield (worn)
 j - a +0 chain mail
 v - a +0 helmet (worn)
Comestibles
 g - 2 bread rations
Scrolls
 h - a scroll of identify
 l - a scroll of curse weapon {unknown}
 m - a scroll of fear {unknown}
 n - a scroll of blinking {unknown}
 u - a scroll of fog {unknown}
Potions
 i - a potion of curing {unknown}
 p - a potion of speed {unknown}


   Skills:
 + Level 4.3 Fighting
 + Level 2.9 Maces & Flails
 + Level 4.4 Armour
 + Level 0.8 Dodging
 + Level 4.1 Shields


You had 4 spell levels left.
You didn't know any spells.

Dungeon Overview and Level Annotations

Branches:
Dungeon (4/27)
 Temple: D:4-7

Altars:


Innate Abilities, Weirdness & Mutations

You can tolerate rotten meat.


Message History

The orc hits you.
* * * LOW HITPOINT WARNING * * *
You block the orc's attack. It completely misses you.
You hit the orc.
The orc is severely wounded.
The orc hits you.
* * * LOW HITPOINT WARNING * * *
You hear some strange, mumbled words.
The magic dart hits you!
* * * LOW HITPOINT WARNING * * *
An orc comes into view. It is wielding an orcish dagger.
The orc wizard mumbles some strange words.
The orc wizard seems to speed up.
The orc wizard points at you and mumbles some strange words.
You block the puff of flame.
Found a scroll labeled TOIFUO TOKK.
The orc wizard glows brightly for a moment.
You see here 5 gold pieces.
The orc hits you.
You die...

...?.... ....... ...%
...# #..# .#.#
..##.###.####..##.#.#
#........!.o.........##
#.........$............
#.........####o........
#.........# #.{.[.....
#......o..#####.##.####
#.....@......o.....o.o.
#..%.....######....####
##.##.#### #....# #.
#.# #?...# #. #[#######
#..[.# #. #.oo.o..#
#.%..#
#.##.......###....####
#.<%....<[)...........
####.....>.#######o...


You could see an orc wizard and 2 orcs.

Vanquished Creatures
  An orc wizard (D:4)
  An ogre skeleton (D:4)
  3 adders
  A worm (D:3)
  4 giant geckos
  2 oozes
  2 orcs
  3 bats
  A giant cockroach (D:3)
  6 goblins
  7 hobgoblins
  A ball python (D:1)
  5 giant newts
  6 kobolds
  3 rats
46 creatures vanquished.

Notes
Turn   | Place    | Note
--------------------------------------------------------------
     0 | D:1      | Gabry, the Hill Orc Fighter, began the quest for the Orb.
     0 | D:1      | Reached XP level 1. HP: 19/19 MP: 0/0
   128 | D:1      | Reached XP level 2. HP: 26/26 MP: 1/1
   430 | D:2      | Reached skill level 4 in Fighting
   430 | D:2      | Reached XP level 3. HP: 4/33 MP: 2/2
   944 | D:3      | Reached XP level 4. HP: 38/40 MP: 3/3
  1344 | D:4      | Upgraded the game from 0.13-a0-2474-g552a472 to 0.13-a0-2477-geaae114
  1359 | D:4      | Reached XP level 5. HP: 14/46 MP: 4/4
  1377 | D:4      | HP: 2/46 [it/magic dart (3)]
  1387 | D:4      | Slain by an orc

Action                   |  1- 3 |  4- 6 || total
-------------------------+-------+-------++-------
Melee: Mace              |   102 |    68 ||   170
  Use: Scroll            |     4 |       ||     4
       Potion            |     2 |       ||     2
